 Dungeon Crawl Stone Soup version 0.21-a0-1-gaf3b9a5 (webtiles) character file.

234 anfisbena the Skirmisher (level 6, -1/57 HPs)
             Began as a Hill Orc Fighter on May 20, 2017.
             Slain by Pikel
             ... wielding a +1 whip of flaming
              (2 damage)
             ... on level 4 of the Dungeon.
             The game lasted 00:03:24 (2783 turns).

anfisbena the Skirmisher (Hill Orc Fighter)         Turns: 2783, Time: 00:03:25

Health: -1/57      AC:  6    Str: 24    XL:     6   Next: 5%
Magic:  6/6        EV:  7    Int:  8    God:
Gold:   161        SH: 10    Dex: 14    Spells: 5/5 levels left

rFire    . . .     SeeInvis .   a - +0 war axe
rCold    . . .     Gourm    .   c - +0 shield
rNeg     . . .     Faith    .   b - +0 scale mail
rPois    .         Spirit   .   (no helmet)
rElec    .         Reflect  .   (no cloak)
rCorr    .         Harm     .   (no gloves)
MR       .....                  (no boots)
Stlth    ..........             (no amulet)
Regen    0.2/turn               m - +2 ring of dexterity
MPRegen  0.1/turn               (no ring)

@: mighty
A: no striking features
a: no special abilities


You were on level 4 of the Dungeon.
You were not hungry.

You visited 1 branch of the dungeon, and saw 4 of its levels.

You collected 161 gold pieces.

Inventory:

Hand Weapons
 a - a +0 war axe (weapon)
Armour
 b - a +0 scale mail (worn)
 c - a +0 shield (worn)
 q - a +0 pair of boots
Jewellery
 m - a +2 ring of dexterity (left hand)
Scrolls
 e - 3 scrolls of teleportation {unknown}
 g - 5 scrolls of identify {unknown}
 i - a scroll of enchant weapon {unknown}
 j - a scroll of enchant armour {unknown}
 k - a scroll of blinking {unknown}
 l - 2 scrolls of fog {unknown}
 o - a scroll of amnesia {unknown}
Potions
 h - a potion of brilliance {unknown}
 n - a potion of heal wounds {unknown}
 r - 2 potions of mutation {unknown}
 t - a potion of curing {unknown}
Comestibles
 f - 2 bread rations
 p - 2 royal jellies
 s - a meat ration
 u - 4 chunks of flesh


   Skills:
 + Level 6.1 Fighting
 + Level 5.9 Axes
 - Level 3.2 Armour
 - Level 3.2 Shields


You had 5 spell levels left.
You didn't know any spells.

Dungeon Overview and Level Annotations

Branches:
Dungeon (4/15)
 Temple: D:4-7

Altars:
Cheibriados
Fedhas

Annotations:
D:4 Pikel


Message History

Pikel barely misses you.
You closely miss Pikel.
Pikel is lightly wounded.
Pikel barely misses you.
You slash Pikel!
Pikel is heavily wounded.
Pikel hits you with a whip of flaming!
* * * LOW HITPOINT WARNING * * *
Pikel burns you.
* * * LOW HITPOINT WARNING * * *
Pikel hits you with a whip of flaming.
* * * LOW HITPOINT WARNING * * *
Pikel burns you.
* * * LOW HITPOINT WARNING * * *
You slash Pikel!
Pikel is severely wounded.
Pikel hits you with a whip of flaming!
* * * LOW HITPOINT WARNING * * *
Pikel burns you.
You die...

#. #.. #.## #.# ..# #.#
##.## #.# ....##### #.#
###.....# #.# .# ##..###
##.##.# ##.##
######..##.# . #..#
#[@.##.###.# ## ##.#
#K#.#..###.# #.####
#pp#......#.# #....#
.wp##...##...####
####.######..###.......#
#..##..[.## #.......#
##.##.#######.......#
#..........#.......#
##...#####.........#


You could see Pikel, 3 slaves and a worm.

Vanquished Creatures
  A slave (D:4)
  A bullfrog skeleton (D:4)
  An iguana (D:4)
  2 worker ants (D:4)
  4 adders
  3 oozes (D:1)
  4 worms
  A dart slug (D:1)
  A leopard gecko (D:3)
  2 orcs (D:3)
  A ball python (D:4)
  3 giant cockroaches (D:2)
  10 goblins
  3 hobgoblins
  7 jackals
  4 quokkas
  4 bats
  3 frilled lizards
  8 kobolds
  8 rats
71 creatures vanquished.

Notes
Turn   | Place    | Note
-------+----------+-------------------------------------------
     0 | D:1      | anfisbena the Hill Orc Fighter began the quest for the Orb.
     0 | D:1      | Reached XP level 1. HP: 19/19 MP: 1/1
    70 | D:1      | Reached XP level 2. HP: 27/27 MP: 2/2
    72 | D:1      | Reached skill level 4 in Fighting
   452 | D:1      | Reached XP level 3. HP: 32/33 MP: 3/3
   914 | D:2      | Found a faded altar of an unknown god.
   918 | D:2      | Found a snail-covered altar of Cheibriados.
   955 | D:2      | Reached XP level 4. HP: 40/41 MP: 4/4
  1131 | D:2      | Reached skill level 5 in Fighting
  1507 | D:3      | Found a blossoming altar of Fedhas.
  2027 | D:3      | Reached skill level 5 in Axes
  2027 | D:3      | Reached XP level 5. HP: 26/48 MP: 5/5
  2682 | D:4      | Reached skill level 6 in Fighting
  2682 | D:4      | Reached XP level 6. HP: 52/57 MP: 6/6
  2771 | D:4      | Noticed Pikel
  2771 | D:4      | Noticed a slave
  2771 | D:4      | Noticed a slave
  2771 | D:4      | Noticed a slave
  2773 | D:4      | Noticed a slave
  2774 | D:4      | Killed a slave
  2783 | D:4      | HP: 1/57 [Pikel/whip of flaming (7)]
  2783 | D:4      | Slain by Pikel

Vault maps used:
D:1:      lightli_arrival_chessboard
D:2:      cheibriados_altar_1, chequers_ecumenical_altar_simple_redux,
          first_bread
D:3:      amethyst_killhole, fedhas_altar_3
D:4:      minitemple, marbit_many_paths, uniq_pikel

Skill      XL: |  1  2  3  4  5 |
---------------+----------------+-----
Axes           | 3 4 5 |  5.9
Fighting       | 4 5 6 |  6.1
Armour         | |  3.2
Shields        | |  3.2

Action                   |  1- 3 |  4- 6 || total
-------------------------+-------+-------++-------
Melee: War axe           |   103 |   140 ||   243
  Use: Potion            |       |     1 ||     1
  Eat: Chunk             |       |     6 ||     6
Armor: Scale mail        |    45 |    49 ||    94
Dodge: Dodged            |    26 |    36 ||    62
Block: Shield            |    49 |    58 ||   107
